cohdb
Replays
Latest Replays
All Replays
Popular Replays
Top Player Replays
Match Explorer
How It Works
Community
CoH3 Stats
Reddit
Sign in to upload your games and track your stats! →
Sign in with Steam
Match 43527778
Unlisted
Match 43527778
Overview
Messages
Build Orders
End
Kradschützen Motorcycle Team
Kradschützen Motorcycle Team
Selects Italian Infantry
Panzergrenadier Squad
Panzergrenadier Squad
Construct Light Support Kompanie
Selects Defensive Operations
Fire Support Elements
2.5-tonne Medical Truck
Forward Retreat Point
Pak 38 Mechanized Group
Selects Prepared Positions
Flakvierling Half-track
Construct Panzerarmee Kommand
Assault Grenadier Squad
Selects Obice 305mm Barrage
Panzer III L Medium Tank
Tungsten Core Ammunition
Assault Mechanized Group
Armored Reserves
2.5-tonne Medical Truck
Obice 305mm Barrage
Selects Guastatori Squad
Selects Registered Artillery
Selects Towed Cannone da 105/28 Field Howitzer
Tiger Heavy Tank
Construct Mechanized Kompanie
18-tonne Recovery Half-track
Vehicle Survival Package
Popcorn
INeedStuff
Tok3n x Operator
MonoChrome
0
0
Comments
sign in to comment!
No comments posted yet!